 Dungeon Crawl Stone Soup version 0.30-a0-121-gb27577e5d9 (webtiles) character file.

Game seed: 10372630043238861288

528 NinjaNoafa the Ruffian (level 7, -3/66 HPs)
             Began as a Troll Monk on Sept 14, 2022.
             Was a Priest of the Shining One.
             Slain by a hornet (13 damage)
             ... on level 6 of the Dungeon.
             The game lasted 00:05:12 (2599 turns).

NinjaNoafa the Ruffian (Troll Monk)                 Turns: 2599, Time: 00:05:13

Health: -3/66      AC:  4    Str: 20    XL:     7   Next: 3%
Magic:  9/9        EV: 10    Int:  6    God:    the Shining One [***...]
Gold:   127        SH:  0    Dex: 14    Spells: 6/6 levels left

rFire   . . .      SeeInvis .      - Unarmed
rCold   . . .      Faith    .    (no shield)
rNeg    + . .      Spirit   .    a - +0 robe
rPois   .          Reflect  .    (helmet restricted)
rElec   .          Harm     .    (no cloak)
rCorr   .          Rampage  .    (gloves unavailable)
Will    .....                    (boots unavailable)
Stlth   +.........               u - amulet of the acrobat
HPRegen 1.01/turn                (no ring)
MPRegen 0.11/turn                (no ring)

@: lethally poisoned (-3 -> -8), marked, slowed, glowing, very slow
A: large, unfitting armour, claws 3, regeneration 1, shaggy fur 1, tough skin 1
a: Renounce Religion, Divine Shield, Cleansing Flame


You were on level 6 of the Dungeon.
You worshipped the Shining One.
The Shining One was most pleased with you.
You visited 1 branch of the dungeon, and saw 5 of its levels.

You collected 127 gold pieces.

Inventory:

Missiles
 e - 42 stones
 m - 8 poisoned darts (quivered)
Armour
 a - a +0 robe (worn)
Jewellery
 u - an amulet of the acrobat (around neck)
Scrolls
 d - 6 scrolls of identify {unknown}
 f - 4 scrolls of teleportation {unknown}
 g - 3 scrolls of enchant weapon {unknown}
 i - a scroll of blinking {unknown}
 o - a scroll of amnesia {unknown}
 r - a scroll of fear {unknown}
 v - a scroll of summoning {unknown}
Potions
 b - 2 potions of ambrosia
 c - 2 potions of degeneration {unknown}
 h - a potion of cancellation {unknown}
 j - 2 potions of brilliance {unknown}
 k - a potion of haste {unknown}
 l - a potion of invisibility {unknown}
 n - 2 potions of berserk rage {unknown}
 p - 3 potions of curing {unknown}
 q - 2 potions of lignification {unknown}
 s - a potion of experience {unknown}
 t - a potion of flight {unknown}


   Skills:
 + Level 2.8 Fighting
 - Level 2.4 Dodging
 - Level 1.0 Stealth
 + Level 5.3 Unarmed Combat
 - Level 5.0 Invocations


You had 6 spell levels left.
You didn't know any spells.
Your spell library contained the following spells:

 Spells                   Type           Power      Damage    Failure   Level
 Sting                    Tmut/Pois      0%         1d3       45%         1
 Passwall                 Tmut/Erth      0%         N/A       58%         2
 Poisonous Vapours        Pois/Air       0%         N/A       58%         2
 Stone Arrow              Conj/Erth      0%         3d7       83%         3
 Animate Armour           Summ/Erth      0%         N/A       99%         4
 Leda's Liquefaction      Hex/Erth       0%         N/A       99%         4
 Olgreb's Toxic Radiance  Pois           0%         N/A       99%         4
 Statue Form              Tmut/Erth      0%         N/A       100%        6


Dungeon Overview and Level Annotations

Branches:
Dungeon (6/15)
 Temple: D:4-7

Altars:
Ashenzari
Kikubaaqudgha
Makhleb
Okawaru
Xom
The Shining One

Annotations:
D:6 IdlyInterested's ghost, novice DsWn


Innate Abilities, Weirdness & Mutations

You are too large for most types of armour.
You have claws for hands.
Your natural rate of healing is unusually fast.
You are covered in fur. (AC +1)
You have tough skin. (AC +1)


Message History

The phantom hits you.
A hound comes into view.
You claw the phantom!
The phantom is almost destroyed.
The phantom hits you.
The phantom blinks!
You blink.
A hornet comes into view.
You scratch the phantom. Your claw misses the phantom.
The phantom is almost destroyed.
The phantom hits you.
The phantom blinks!
The hound bites you. The hound completely misses you.
You scratch the hound.
The hound is lightly wounded.
The hound pauses to sniff the ground.
The hound barely misses you.
You claw the hound!
You kill the hound!
You scratch the phantom.
You destroy the phantom!
The Shining One accepts your kill. The hornet stings you!
You feel yourself slow down.
You have reached level 7!
You barely miss the hornet.
You feel yourself speed up. The hornet stings you!
You feel yourself slow down. The hornet stings you!
* * * LOW HITPOINT WARNING * * *
You feel as though you will be slow longer.
You closely miss the hornet.
The hornet stings you but does no damage.
A hound comes into view.
The hornet stings you but does no damage.
An orc comes into view. It is wielding a +0 dagger.
You scratch the hornet.
The hornet is lightly wounded.
The hornet stings you!
* * * LOW HITPOINT WARNING * * *
You are poisoned.
You feel as though you will be slow longer.
An iguana comes into view. x2
The hornet stings you!
You die...

#######'###### #.# #
#..........# #.# #
#..........# #o#
###)........l###.#.# ...
)..)...©.......#.#l# ..
.#############...#.#.. ##
#..©..#####h...#. .
##.#.#!..#..y###†#....y..
# .#..###.W#yy##@#.##....
..# ..#!#.###y#.....# ##
# ## #....# ###.###
..##.. ...# #.## [### ..#
... .#.#


You could see a hornet, 2 iguanas, a hound and an orc.

Vanquished Creatures
  Sigmund (D:2)
  A phantom (D:6)
  A hound (D:6)
  An orc priest (D:4)
  Natasha (D:2)
  An iguana (D:4)
  An orc wizard (D:6)
  5 adders
  2 worms
  15 orcs
  11 endoplasms
  A giant cockroach (D:4)
  7 hobgoblins
  9 jackals
  3 kobolds (D:1)
  3 quokkas
  6 ball pythons
  8 bats
  A frilled lizard (D:1)
  10 goblins
  9 rats
97 creatures vanquished.

Notes
Turn   | Place    | Note
-------+----------+-------------------------------------------
     0 | D:1      | NinjaNoafa the Troll Monk began the quest for the Orb.
     0 | D:1      | Reached XP level 1. HP: 22/22 MP: 0/0
    49 | D:1      | Reached XP level 2. HP: 29/29 MP: 1/1
   111 | D:1      | Got Sif Muna's Parchment of the Ground
   239 | D:1      | Found a faded altar of an unknown god.
   285 | D:1      | Prayed at the altar of an unknown god.
   285 | D:1      | Became a worshipper of the Shining One
   285 | D:1      | Reached * piety under the Shining One
   285 | D:1      | Reached ** piety under the Shining One
   360 | D:1      | Reached *** piety under the Shining One
   364 | D:1      | Reached XP level 3. HP: 36/36 MP: 2/2
   659 | D:2      | Reached XP level 4. HP: 42/44 MP: 3/3
   682 | D:2      | Found a shimmering altar of Xom.
   694 | D:2      | Reached skill level 5 in Unarmed Combat
  1028 | D:2      | Noticed Sigmund
  1035 | D:2      | Killed Sigmund
  1036 | D:2      | Reached XP level 5. HP: 50/50 MP: 0/6
  1201 | D:2      | Noticed Natasha
  1206 | D:2      | Killed Natasha
  1207 | D:2      | Reached XP level 6. HP: 56/59 MP: 7/7
  1418 | D:3      | Found a faded altar of an unknown god.
  1423 | D:3      | Found an ancient bone altar of Kikubaaqudgha.
  1817 | D:3      | Found an iron altar of Okawaru.
  2250 | D:4      | Found a broken altar of Ashenzari.
  2506 | D:4      | Found a burning altar of Makhleb.
  2512 | D:4      | You fall into a shaft and drop 2 floors!
  2540 | D:6      | Reached skill level 5 in Invocations
  2581 | D:6      | Noticed IdlyInterested's ghost (novice DsWn)
  2590 | D:6      | Noticed a hornet
  2597 | D:6      | Reached XP level 7. HP: 44/66 MP: 9/9
  2599 | D:6      | Slain by a hornet

Illustrated notes

Levels and vault maps discovered:
D:1:      lightli_arrival_quake, layout_basic,
          shapermc_ecumenical_altar_mp_highgroup, grunt_decor_mini_mirrors,
          minmay_pentomino_w2
D:2:      layout_basic, basic_altar, minivault_27, uniq_natasha, uniq_sigmund
D:3:      layout_basic, nicolae_overflow_ecumenical_swirl,
          mainiacjoe_overflow_alcove_4
D:4:      layout_loops_ring, bloody_makhleb, marbit_many_paths,
          kennysheep_another_room
D:6:      layout_basic, zin_angel, serial_shops, nicolae_shop_stone,
          gammafunk_ghost_hive

Skill      XL: |  1  2  3  4  5  6 |
---------------+-------------------+-----
Unarmed Combat | 4 5 |  5.3
Invocations    | 3 5 |  5.0
Fighting       | |  2.8
Dodging        | |  2.4
Stealth        | |  1.0

Action                   |  1- 3 |  4- 6 |  7- 9 || total
-------------------------+-------+-------+-------++-------
Melee: Unarmed           |    83 |   119 |     3 ||   205
       Punch             |     3 |     1 |       ||     4
Throw: Stone             |     3 |       |       ||     3
Invok: Divine Shield     |       |     1 |       ||     1
 Stab: Sleeping          |     1 |       |       ||     1
Armor: Robe              |    18 |    31 |     2 ||    51
Dodge: Dodged            |    36 |    51 |       ||    87
Block: Other             |       |     1 |       ||     1

Table legend: (Time is in decaauts)
 A = Elapsed time spent in this place.
 B = Non-inter-level travel time spent in this place.
 C = Inter-level travel time spent in this place.
 D = Time resting spent in this place.
 E = Time spent auto-exploring this place.
 F = Levels seen in this place.
 G = Mean time per level.
                   A        B        C        D        E       F      G
               +--------+--------+--------+--------+--------+-----+--------+
         Total |   2582 |   2500 |     82 |      0 |   1940 |   5 |  516.4 |
       Dungeon |   2582 |   2500 |     82 |      0 |   1940 |   5 |  516.4 |
               +--------+--------+--------+--------+--------+-----+--------+

Top non-repeatable levels by time:
     D:3: 786 daAuts
     D:2: 705 daAuts
     D:1: 568 daAuts
     D:4: 436 daAuts
     D:6: 85 daAuts
